 Dungeon Crawl Stone Soup version 0.27-a0-1378-gdefffd1ff6 (webtiles) character file.

Game seed: 10815601639165864683

60 ABBCCCDDDD the Skirmisher (level 3, 0/32 HPs)
             Began as a Palentonga Fighter on June 29, 2021.
             Succumbed to Robin's poison
             ... on level 2 of the Dungeon.
             The game lasted 00:01:38 (969 turns).

ABBCCCDDDD the Skirmisher (Palentonga Fighter)       Turns: 969, Time: 00:01:38

Health: 0/32       AC:  6    Str: 20    XL:     3   Next: 82%
Magic:  3/3        EV:  5    Int:  8    God:
Gold:   64         SH:  8    Dex:  9    Spells: 2/2 levels left

rFire    . . .     SeeInvis +   a - +0 flail
rCold    . . .     Faith    .   c - +0 kite shield
rNeg     . . .     Spirit   .   b - +0 scale mail
rPois    .         Reflect  .   (no helmet)
rElec    .         Harm     .   (no cloak)
rCorr    .         Rampage  .   (no gloves)
Will     .....                  (no barding)
Stlth    ..........             (no amulet)
HPRegen  0.10/turn              (no ring)
MPRegen  0.08/turn              (no ring)

@: lethally poisoned (0 -> -3), about to teleport, attractive
A: large, rugged brown scales 3, see invisible, deformed body, roll 1, armoured
tail
a: Rolling Charge


You were on level 2 of the Dungeon.
You visited 1 branch of the dungeon, and saw 2 of its levels.

You collected 64 gold pieces.

Inventory:

Hand Weapons
 a - a +0 flail (weapon)
Armour
 b - a +0 scale mail (worn)
 c - a +0 kite shield (worn)
Jewellery
 i - a +6 ring of intelligence
Scrolls
 e - a scroll of teleportation
 f - a scroll of amnesia {unknown}
 g - 3 scrolls of enchant armour {unknown}
 j - a scroll of fear {unknown}


   Skills:
 * Level 3.8 Fighting
 * Level 3.0 Maces & Flails
 - Level 2.4 Armour
 + Level 2.8 Shields


You had 2 spell levels left.
You didn't know any spells.
Your spell library was empty.

Dungeon Overview and Level Annotations

Branches:
Dungeon (2/15)

Altars:


Innate Abilities, Weirdness & Mutations

You are completely covered in rugged brown scales. (AC +3, +7% HP)
You have supernaturally acute eyesight. (SInv)
Armour fits poorly on your strangely shaped body.
You can roll at nearby foes to attack.
You have a long armoured tail.


Message History

You block the goblin's attack. The goblin hits you but does no damage.
You feel yourself speed up. You block the goblin's attack.
You hit Robin.
Robin is almost dead.
The goblin hits you but does no damage. You block Robin's attack.
The goblin barely misses you.
You completely miss Robin.
Robin is almost dead.
The goblin shouts!
Robin roars a battlecry!
The goblins go into a battle-frenzy!
The goblin hits you but does no damage. Robin throws the goblin at you!
You barely miss Robin.
Robin is almost dead.
You block the goblin's attack.
Robin says, "Feeling lonely?"
Robin hits you but does no damage.
You are lethally poisoned!
You block the goblin's attack.
You sock Robin!
You kill Robin!
* * * LOW HITPOINT WARNING * * *
You feel very sick. You block the goblin's attack.
* * * LOW HITPOINT WARNING * * *
You feel sick. You block the goblin's attack.
* * * LOW HITPOINT WARNING * * *
You feel sick. The goblin hits you but does no damage.
* * * LOW HITPOINT WARNING * * *
You feel sick.
It was a potion of attraction.
You feel attractive to monsters.
You feel a little less mighty now.
* * * LOW HITPOINT WARNING * * *
You feel sick. The goblin hits you but does no damage.
You aren't carrying any potions.
Unknown command.
As you read the scroll labelled FISONK JIROVUSKU, it crumbles to dust.
You feel strangely unstable.
It was a scroll of teleportation.
You die...

≈≈.........###
≈≈≈≈≈≈..§.§#..######
≈≈§≈≈§§§§≈≈.........#
≈≈≈≈≈§§§§§≈≈§>.......#
.≈≈≈≈§§§§§≈§≈≈........#
g.≈≈§§§§≈§≈≈≈..########
)..≈§≈≈§≈≈≈....#
..)§§≈§≈...g)..#
).)§≈≈§.§..g@..#
.(..≈...)......#
....≈..........#
...............#
....########...# ###
#####


You could see 2 goblins.

Vanquished Creatures
  Natasha (D:2)
  Robin (D:2)
  A dart slug (D:1)
  2 endoplasms (D:1)
  3 giant cockroaches (D:1)
  2 goblins (D:1)
  2 hobgoblins (D:1)
  5 kobolds (D:1)
  A quokka (D:2)
  4 ball pythons
  4 bats
  2 frilled lizards (D:1)
  5 rats
33 creatures vanquished.

Vanquished Creatures (others)
  7 goblins (D:2)
  2 hobgoblins (D:2)
9 creatures vanquished.

Grand Total: 42 creatures vanquished

Notes
Turn   | Place    | Note
-------+----------+-------------------------------------------
     0 | D:1      | ABBCCCDDDD the Palentonga Fighter began the quest for the
                  | Orb.
     0 | D:1      | Reached XP level 1. HP: 19/19 MP: 1/1
     2 | D:1      | Noticed a naga
     2 | D:1      | Noticed an octopode
     4 | D:1      | Noticed a spriggan
     6 | D:1      | Noticed a tengu
     6 | D:1      | Noticed a gargoyle
     8 | D:1      | Noticed a djinni
     8 | D:1      | Noticed a vampire
    10 | D:1      | Noticed a draconian
    10 | D:1      | Noticed a barachi
    12 | D:1      | Noticed a dwarf
    12 | D:1      | Noticed an ogre
    14 | D:1      | Noticed a ghoul
    14 | D:1      | Noticed a demigod
    16 | D:1      | Noticed a palentonga
    16 | D:1      | Noticed a vine stalker
    18 | D:1      | Noticed a demonspawn
    20 | D:1      | Noticed a felid
    20 | D:1      | Noticed a troll
    23 | D:1      | Noticed an elf
    23 | D:1      | Noticed a merfolk
    25 | D:1      | Noticed a minotaur
    25 | D:1      | Noticed a formicid
    27 | D:1      | Noticed a human
   105 | D:1      | Reached XP level 2. HP: 25/25 MP: 2/2
   666 | D:1      | Found a faded altar of an unknown god.
   674 | D:1      | Reached XP level 3. HP: 31/31 MP: 3/3
   932 | D:2      | Noticed Natasha
   940 | D:2      | Killed Natasha
   955 | D:2      | Noticed Robin
   964 | D:2      | Killed Robin
   968 | D:2      | HP: 1/32 [poisoned by Robin]
   969 | D:2      | Succumbed to Robin's poison

Illustrated notes

Levels and vault maps discovered:
D:1:      kb_arrival_jail, layout_basic, shapermc_ecumenical_altar_mp_highgroup,
          minmay_misc_feat_iff
D:2:      layout_rooms, lemuel_old_faithful, uniq_natasha, uniq_robin

Skill      XL: |  1  2  3 |
---------------+----------+-----
Maces & Flails | 3 |  3.0
Fighting       | |  3.8
Armour         | |  2.4
Shields        | |  2.8

Action                   || total
-------------------------++-------
Melee: Flail             ||    79
       Tailslap          ||     5
  Use: Potion            ||     2
       Scroll            ||     1
Armor: Scale mail        ||    54
Dodge: Dodged            ||    14
Block: Kite shield       ||    40

Table legend: (Time is in decaauts)
 A = Elapsed time spent in this place.
 B = Non-inter-level travel time spent in this place.
 C = Inter-level travel time spent in this place.
 D = Time resting spent in this place.
 E = Time spent auto-exploring this place.
 F = Levels seen in this place.
 G = Mean time per level.
                   A        B        C        D        E       F      G
               +--------+--------+--------+--------+--------+-----+--------+
         Total |   1020 |    991 |     29 |     18 |    727 |   2 |  510.0 |
       Dungeon |   1020 |    991 |     29 |     18 |    727 |   2 |  510.0 |
               +--------+--------+--------+--------+--------+-----+--------+

Top non-repeatable levels by time:
     D:1: 788 daAuts
     D:2: 232 daAuts
